 Dungeon Crawl Stone Soup version 0.23.2-33-g5129a83184 (webtiles) character file.

Game seed: 281254663084866024

132504 Atelerd the Eclecticist (level 17, -5/102 (105) HPs)
             Began as an Octopode Wizard on July 10, 2019.
             Was an Elder of Sif Muna.
             Shot with an arrow by a deep elf archer (27 damage)
             ... on level 1 of the Elven Halls.
             The game lasted 02:22:11 (39655 turns).

Atelerd the Eclecticist (Octopode Wizard)          Turns: 39655, Time: 02:22:12

HP:   -5/102 (105)  AC:  1    Str:  7 (8)  XL:     17   Next: 12%
MP:   9/36          EV: 21    Int: 31      God:    Sif Muna [****..]
Gold: 953           SH:  8    Dex: 15      Spells: 10/46 levels left

rFire    + . .     SeeInvis +   Z - +3 flail of Triumph {venom, *Contam Int+4 SInv Stlth+} (curse)
rCold    + . .     Gourm    +   f - +2 buckler {rF+}
rNeg     . . .     Faith    .   (helmet restricted)
rPois    +         Spirit   .   o - amulet of the gourmand
rElec    .         Reflect  .   i - +2 ring of evasion
rCorr    +         Harm     .   r - ring of poison resistance
MR       +....                  t - +4 ring of slaying
Stlth    ++++++....             E - +4 ring of evasion
HPRegen  0.27/turn              y - ring of resist corrosion
MPRegen  0.25/turn              X - ring of protection from cold
                                V - +4 ring of dexterity
                                J - +4 ring of slaying

@: no status effects
A: almost no armour, stealthy swim, amphibious, 8 rings, constrict 8, camouflage
1, clever 1, deterioration 1, wild magic 1, gelatinous body 1
a: Divine Energy, Channel Magic, Forget Spell, Renounce Religion


You were on level 1 of the Elven Halls.
You worshipped Sif Muna.
Sif Muna was greatly pleased with you.
You were not hungry.

You visited 6 branches of the dungeon, and saw 26 of its levels.
You visited 1 bazaar.
You also visited: Ice Cave.

You collected 3162 gold pieces.
You spent 2209 gold pieces at shops.

Inventory:

Hand Weapons
 Z - the cursed +3 flail of Triumph (weapon) {venom, *Contam Int+4 SInv Stlth+}
   (You found it on level 3 of the Lair of Beasts)

   It poisons the flesh of those it strikes.
   It affects your intelligence (+4).
   It lets you see invisible.
   It causes magical contamination when unequipped.
   It makes you more stealthy.
   It has a curse placed upon it.
Armour
 f - a +2 buckler of fire resistance (worn)
 w - the +2 shield of Resistance {rF+ rC+ MR+}
   (You found it on level 13 of the Dungeon)

   It protects you from fire.
   It protects you from cold.
   It affects your resistance to hostile enchantments.
Jewellery
 a - an uncursed amulet of regeneration
 i - a +2 ring of evasion (left tentacle)
 o - an amulet of the gourmand (around mantle)
 r - a ring of poison resistance (right tentacle)
 t - a +4 ring of slaying (on tentacle)
 y - a ring of resist corrosion (on tentacle)
 E - a +4 ring of evasion (on tentacle)
 J - a +4 ring of slaying (on tentacle)
 V - a +4 ring of dexterity (on tentacle)
 W - an uncursed ring of ice
 X - a ring of protection from cold (on tentacle)
Wands
 l - a wand of polymorph (35)
 G - a wand of flame (17)
 M - a wand of random effects (12)
 N - a wand of enslavement (7)
 O - a wand of iceblast (15)
 Q - a wand of digging (19)
 S - a wand of acid (23)
Scrolls
 d - 15 scrolls of remove curse
 e - 7 scrolls of enchant armour
 g - 7 scrolls of teleportation
 j - a scroll of vulnerability
 n - 3 scrolls of enchant weapon
 p - 3 scrolls of identify
 q - 3 scrolls of amnesia
 s - 2 scrolls of magic mapping
 x - a scroll of fear
 F - 4 scrolls of immolation
 K - a scroll of torment
 R - a scroll of holy word
 T - 4 scrolls of fog
Potions
 b - 2 potions of ambrosia
 h - 2 potions of berserk rage {unknown}
 k - 4 potions of lignification
 m - 4 potions of agility {unknown}
 u - 2 potions of cancellation
 v - 4 potions of heal wounds
 A - 5 potions of brilliance
 B - 3 potions of mutation
 C - 4 potions of resistance
 D - 5 potions of might
 I - 3 potions of flight
 L - 13 potions of curing
 P - 3 potions of haste
 U - 2 potions of magic
Miscellaneous
 z - a phial of floods
Comestibles
 c - 39 rations


   Skills:
 - Level 6.0 Fighting
 - Level 4.0 Dodging
 - Level 8.0 Stealth
 * Level 6.8 Shields
 - Level 15.0 Spellcasting
 - Level 15.0 Conjurations
 - Level 7.5 Hexes
 - Level 4.5 Summonings
 - Level 1.0 Translocations
 - Level 7.0 Fire Magic
 - Level 6.3 Air Magic
 - Level 13.0 Invocations


You had 10 spell levels left.
You knew the following spells:

 Your Spells              Type           Power        Failure   Level  Hunger
a - Force Lance           Conj/Tloc      #######.     1%          4    None
b - Mephitic Cloud        Conj/Pois/Air  ######..     1%          3    None
c - Blink                 Tloc           N/A          3%          2    None
d - Conjure Flame         Conj/Fire      #######.     1%          3    None
e - Summon Lightning Spi  Summ/Air       ######..     3%          4    None
f - Fireball              Conj/Fire      #######...   1%          5    None
g - Inner Flame           Hex/Fire       ######..     1%          3    None
h - Orb of Destruction    Conj           ########..   6%          7    #####..
i - Ensorcelled Hibernat  Hex/Ice        ######       1%          2    None
j - Ozocubu's Armour      Chrm/Ice       ####....     10%         3    None

Your spell library contained the following spells:

 Spells                   Type           Power        Failure   Level  Hunger
 Corona                   Hex            ######.      1%          1    None
 Flame Tongue             Conj/Fire      #####        1%          1    None
 Magic Dart               Conj           ####         1%          1    None
 Sting                    Conj/Pois      ####         1%          1    None
 Summon Small Mammal      Summ           ####         1%          1    None
 Call Imp                 Summ           ######..     1%          2    None
 Poisonous Vapours        Pois/Air       ######       1%          2    None
 Searing Ray              Conj           ######       1%          2    None
 Slow                     Hex            ######..     1%          2    None
 Throw Flame              Conj/Fire      ######       1%          2    None
 Throw Frost              Conj/Ice       ######       1%          2    None
 Call Canine Familiar     Summ           ######..     1%          3    None
 Confuse                  Hex            ######..     1%          3    None
 Dazzling Spray           Conj/Hex       ######       1%          3    None
 Static Discharge         Conj/Air       #######.     1%          3    None
 Summon Guardian Golem    Hex/Summ       ######..     1%          3    None
 Tukima's Dance           Hex            ######..     1%          3    None
 Fulminant Prism          Conj/Hex       #######...   1%          4    None
 Iskenderun's Mystic Bla  Conj           ########     1%          4    None
 Sticky Flame             Conj/Fire      #######.     1%          4    None
 Throw Icicle             Conj/Ice       ######..     1%          4    None
 Freeze                   Ice            ####         3%          1    None
 Bolt of Magma            Conj/Fire/Erth ######....   4%          5    None
 Irradiate                Conj/Tmut      ######....   4%          5    None
 Iskenderun's Battlesphe  Conj/Chrm      ######..     4%          5    None
 Venom Bolt               Conj/Pois      ######....   4%          5    None
 Silence                  Hex/Air        ######....   5%          5    None
 Conjure Ball Lightning   Conj/Air       #######...   6%          6    ###....
 Summon Ice Beast         Ice/Summ       #####...     12%         4    None
 Iron Shot                Conj/Erth      ######....   21%         6    ###....
 Poison Arrow             Conj/Pois      ######....   21%         6    ###....
 Olgreb's Toxic Radiance  Pois           ####....     26%         4    None
 Spellforged Servitor     Conj/Summ      #######...   38%         7    #####..
 Lee's Rapid Deconstruct  Erth           ####......   56%         5    None


Dungeon Overview and Level Annotations

Branches:
Dungeon (15/15)            Temple (1/1) D:4            Lair (6/6) D:10
  Swamp (0/4) Lair:4       Spider (0/4) Lair:2        Slime (0/5) Lair:6
    Orc (2/2) D:10            Elf (1/3) Orc:2        Vaults (0/5) D:14
 Depths (1/5) D:15

Altars:
Ashenzari
Cheibriados
Dithmenos
Elyvilon
Fedhas
Gozag
Hepliaklqana
Kikubaaqudgha
Makhleb
Nemelex Xobeh
Okawaru
Qazlal
Ru
Sif Muna
Trog
Uskayaw
Vehumet
Wu Jian
Xom
Yredelemnul
Zin
The Shining One
Beogh
Jiyva

Shops:
D:7 [   D:8 [   D:10 **?}=   Orc:2 :!*[

Portals:
Hell: Lair:6

Annotations:
D:5 exclusion: downstairs
D:7 exclusion: 2 downstairs
D:10 exclusion: 2 downstairs
D:13 , 1 runed translucent door, exclusion: 3 downstairs
D:14 exclusion: downstairs
Lair:1 exclusion: downstairs
Lair:2 exclusions: downstairs and ice statue
Lair:3 zuik's ghost, journeyman MiBe
Lair:5 exclusion: downstairs


Innate Abilities, Weirdness & Mutations

You cannot wear most types of armour.
You are very stealthy in the water. (Stealth+)
You are amphibious.
You can wear up to eight rings at the same time.
You can use your tentacles to constrict eight enemies at once.
Your skin changes colour to match your surroundings (Stealth+).
Your rubbery body absorbs attacks. (AC +1, EV +1)
Your mind is acute. (Int +2)
Your body sometimes deteriorates upon taking damage.
Your spells are a little harder to cast, but a little more powerful.


Message History

a +0 long sword; a +0 leather armour You miss the deep elf archer.
Your grab misses the deep elf archer.
The deep elf archer is almost dead.
The deep elf archer blinks!
The deep elf archer unwields a +0 short sword.
The deep elf archer wields a +0 shortbow.
The deep elf archer shoots an arrow.
The arrow hits you!!
You see here 2 arrows.
The deep elf mage casts a spell at you. The shard of ice hits you!!
You partially resist.
The deep elf archer shoots an arrow.
The arrow closely misses you.
Items here: ( )) [ † an arrow; a +0 long sword; a +0 leather armour; a +1 vampiric long sword an elf corpse You feel somewhat more hungry.
The deep elf mage gestures at you while chanting.
The shard of ice hits you! You partially resist.
* * * LOW HITPOINT WARNING * * *
The deep elf archer shoots an arrow.
The arrow hits you!!
You die...

.###.#...
########...
##'.'..e. #.
#..........
###.......#e..
##).#.....>.
.'...).#...
#..)'...)...
....%..
##.###.......
#..e# ##..#
#....... #.)#
##..##
##......
#ee#####..##
##.....
#)))(@(..##
##....
#.e.######
##### #####


You could see a deep elf archer and 2 deep elf magi.

Vanquished Creatures
  Rupert (D:15)
  2 azure jellies (Lair:6)
  A deep elf sorcerer (Elf:1)
  A dire elephant (Lair:6)
  Snorg (D:10)
  3 fire dragons
  4 ogre magi
  5 ice dragons
  Erolcha (Orc:2)
  8 hydras
  6 centaur warriors
  2 dancing weapons (Elf:1)
  6 death yaks
  17 two-headed ogres
  A tengu warrior (D:13)
  Urug (Lair:6)
  A sun demon (Lair:6)
  Sonja (Lair:6)
  3 deep elf knights (Elf:1)
  An iron troll (D:14)
  A fire crab (D:13)
  3 skeletal warriors (D:14)
  2 deep trolls (Orc:2)
  3 unseen horrors
  A death drake (shapeshifter) (D:15)
  A lindwurm (Lair:6)
  5 deep elf archers (Elf:1)
  A shadow wraith (D:14)
  3 orc knights
  2 wizards
  A wolf spider zombie (D:14)
  6 ugly things
  22 deep elf magi
  A manticore (D:10)
  2 orc sorcerers (Orc:1)
  4 black mambas
  Joseph (D:10)
  7 cyclopes
  6 elephants (Lair:4)
  3 ice statues (IceCv)
  Maurice (D:10)
  Psyche (D:10)
  3 centaur zombies
  A smoke demon (Lair:6)
  16 spiny frogs
  A torpor snail (Lair:5)
  An orange demon (Lair:6)
  A gargoyle (D:11)
  5 kobold demonologists (D:13)
  7 rime drakes
  7 komodo dragons
  A tengu conjurer (D:15)
  3 ice devils (Lair:6)
  An efreet (D:13)
  14 trolls
  A red devil (Lair:6)
  3 meliai (D:15)
  2 polar bears
  A hornet (shapeshifter) (D:15)
  Prince Ribbit (D:7)
  A meliai zombie (D:14)
  12 slime creatures
  A harpy skeleton (D:15)
  10 hippogriffs
  A spriggan (shapeshifter) (D:14)
  A spriggan (Lair:4)
  Sigmund (D:5)
  2 shadows
  A wraith (D:10)
  2 redbacks (Lair:2)
  4 wyverns
  49 yaks
  A vampire (D:15)
  Eustachio (D:5)
  An air elemental (Elf:1)
  A human (shapeshifter) (D:14)
  A water elemental (Elf:1)
  2 basilisks
  A steam dragon (D:15)
  2 hungry ghosts
  A soldier ant (D:13)
  12 vampire mosquitoes
  2 wargs
  An acid dragon (D:14)
  15 water moccasins
  Edmund (D:4)
  4 hell hounds (Lair:6)
  11 porcupines
  22 orc warriors
  4 sky beasts
  17 ice beasts
  3 black bears
  6 necrophages
  28 ogres
  2 eyes of draining
  32 wolves
  A phantom (D:5)
  16 centaurs
  2 big kobolds
  17 crocodiles
  21 bullfrogs
  2 wyvern skeletons
  A scorpion (D:13)
  3 killer bees (D:8)
  9 wights
  4 howler monkeys
  4 electric eels
  3 crimson imps
  4 hounds
  20 orc priests
  A bullfrog zombie (D:8)
  4 jellies
  30 orc wizards
  5 bullfrog skeletons
  4 centaur skeletons
  Jessica (D:2)
  Natasha (thrice) (D:4)
  Terence (D:2)
  4 iguanas
  8 hell rats (Lair:1)
  6 worker ants
  A hound zombie (D:8)
  2 hound skeletons
  Robin (D:3)
  2 mummies (D:8)
  2 howler monkey skeletons
  7 adders
  4 river rats (Lair:1)
  4 shadow imps
  6 white imps (Lair:2)
  3 oozes
  An adder zombie (D:5)
  An adder skeleton (D:4)
  7 leopard geckos
  92 orcs
  5 bats
  6 giant cockroaches
  17 goblins
  8 hobgoblins
  5 jackals
  2 quokkas
  A ball python (D:2)
  5 frilled lizards
  10 kobolds
  A quokka zombie (D:7)
  14 rats
  A bush (Lair:4)
  A fungus (Lair:4)
  5 plants
856 creatures vanquished.

Vanquished Creatures (collateral kills)
  A death yak (Lair:5)
  2 yaks (Lair:5)
  A water moccasin (Lair:5)
  A white imp (Lair:2)
5 creatures vanquished.

Vanquished Creatures (others)
  A two-headed ogre (D:9)
  A deep elf archer (Elf:1)
  A killer bee (D:9)
  2 hounds (D:9)
  2 worker ants (D:9)
  2 jackals (D:9)
  A quokka skeleton (D:9)
  21 fungi
  12 plants
43 creatures vanquished.

Grand Total: 904 creatures vanquished

Notes
Turn   | Place    | Note
-------+----------+-------------------------------------------
     0 | D:1      | Atelerd the Octopode Wizard began the quest for the Orb.
     0 | D:1      | Reached XP level 1. HP: 11/11 MP: 4/4
    85 | D:1      | Reached XP level 2. HP: 8/17 MP: 4/6
   825 | D:1      | Reached XP level 3. HP: 21/21 MP: 4/7
   830 | D:1      | Learned a level 3 spell: Mephitic Cloud
   833 | D:1      | Learned a level 2 spell: Blink
  1692 | D:2      | Reached XP level 4. HP: 27/27 MP: 2/9
  1756 | D:2      | Learned a level 3 spell: Conjure Flame
  2055 | D:2      | Noticed Jessica
  2055 | D:2      | Noticed Terence
  2108 | D:2      | Killed Terence
  2108 | D:2      | Reached skill level 1 in Shields
  2230 | D:2      | Killed Jessica
  2276 | D:3      | Reached XP level 5. HP: 31/31 MP: 8/10
  2446 | D:3      | Noticed Robin
  2467 | D:3      | Gained mutation: Your spells are a little harder to cast,
                  | but a little more powerful. [potion of mutation]
  2467 | D:3      | Gained mutation: Your body sometimes deteriorates upon
                  | taking damage. [potion of mutation]
  2467 | D:3      | Gained mutation: Your mind is acute. (Int +2) [potion of
                  | mutation]
  2480 | D:3      | Killed Robin
  2601 | D:3      | Found a bloodstained altar of Trog.
  3081 | D:4      | Found a shattered altar of Ashenzari.
  3180 | D:4      | Noticed Edmund
  3191 | D:4      | Reached skill level 1 in Fighting
  3202 | D:4      | Killed Edmund
  3202 | D:4      | Reached XP level 6. HP: 16/38 MP: 3/12
  3458 | D:4      | Found a staircase to the Ecumenical Temple.
  3534 | D:4      | Noticed Natasha
  3542 | D:4      | Killed Natasha
  3720 | D:4      | Noticed Natasha
  3725 | D:4      | Killed Natasha
  3900 | D:5      | Entered Level 5 of the Dungeon
  3921 | D:5      | Found a stormy altar of Qazlal.
  3925 | D:5      | Reached XP level 7. HP: 45/45 MP: 13/13
  3934 | D:5      | Noticed Eustachio
  3948 | D:5      | Killed Eustachio
  3948 | D:5      | Reached skill level 5 in Conjurations
  4191 | D:5      | Noticed Sigmund
  4215 | D:5      | Killed Sigmund
  4215 | D:5      | Reached skill level 5 in Spellcasting
  4215 | D:5      | Reached XP level 8. HP: 50/50 MP: 11/15
  4309 | D:5      | Found a hazy altar of Hepliaklqana.
  4312 | D:5      | Found an ornate altar of the Wu Jian Council.
  4314 | D:5      | Found a hide-covered altar of Uskayaw.
  4798 | D:6      | Found a bloodstained altar of Trog.
  5311 | D:7      | Noticed Prince Ribbit
  5318 | D:7      | Killed Prince Ribbit
  5362 | D:7      | Found Huzam's Antique Armour Emporium.
  5404 | D:7      | Found a glowing golden altar of the Shining One.
  5954 | D:7      | Reached XP level 9. HP: 25/54 MP: 5/18
  6329 | D:8      | Noticed a two-headed ogre
  6688 | D:8      | Noticed a two-headed ogre
  7416 | D:8      | Found Fotzicw's Antique Armour Shop.
  7718 | D:9      | Reached skill level 10 in Conjurations
  7718 | D:9      | Reached XP level 10. HP: 53/63 MP: 5/20
  7807 | D:9      | Killed a two-headed ogre
  8233 | D:9      | Reached skill level 5 in Stealth
  8969 | D:8      | Killed a two-headed ogre
  9378 | D:8      | Killed a two-headed ogre
 10044 | D:9      | Found a shimmering altar of Xom.
 10286 | Temple   | Entered the Ecumenical Temple
 10473 | Temple   | Became a worshipper of Sif Muna the Loreminder
 10551 | D:4      | Noticed Natasha
 10556 | D:4      | Killed Natasha
 10997 | D:10     | Entered Level 10 of the Dungeon
 11017 | D:10     | Reached XP level 11. HP: 69/69 MP: 23/23
 11038 | D:10     | Found Sekiw's General Store.
 11072 | D:10     | Reached skill level 1 in Invocations
 11138 | D:10     | Found Nuckaog's Magic Scroll Emporium.
 11146 | D:10     | Bought a scroll of fog for 32 gold pieces
 11201 | D:10     | Found a staircase to the Lair.
 11208 | D:10     | Got a flickering pewter amulet
 11264 | D:10     | Identified the amulet of the Voivode {+Blink rC- Regen+
                  | Int+3} (You found it on level 10 of the Dungeon)
 11278 | D:10     | Noticed Maurice
 11294 | D:10     | Killed Maurice
 11489 | D:11     | Noticed a two-headed ogre
 11538 | D:10     | Noticed Psyche
 11545 | D:10     | Noticed an ogre mage
 11551 | D:10     | Killed Psyche
 11556 | D:10     | Killed an ogre mage
 11659 | D:10     | Noticed a two-headed ogre
 11686 | D:10     | Found Xid Taebb's General Store.
 11703 | D:10     | Killed a two-headed ogre
 11776 | D:10     | Reached * piety under Sif Muna
 11981 | D:10     | Bought a potion of haste for 120 gold pieces
 11981 | D:10     | Bought a scroll of identify for 24 gold pieces
 12015 | D:10     | Learned a level 4 spell: Summon Lightning Spire
 12021 | D:10     | Learned a level 5 spell: Fireball
 12025 | D:10     | Learned a level 3 spell: Inner Flame
 12057 | D:10     | Identified Xuvais's Compendium of the Hurtful Mountains
 12140 | D:10     | Learned a level 3 spell: Confuse
 12299 | D:10     | Found Conkasur's Gadget Boutique.
 12299 | D:10     | Noticed Joseph
 12471 | D:10     | Killed Joseph
 12471 | D:10     | Reached skill level 1 in Air Magic
 12686 | D:10     | Found Yjawnew's Jewellery Emporium.
 12740 | D:10     | Noticed an orc knight
 12748 | D:10     | Killed an orc knight
 12960 | D:10     | Found a roughly hewn altar of Beogh.
 12963 | D:10     | Found a staircase to the Orcish Mines.
 13130 | Orc:1    | Entered Level 1 of the Orcish Mines
 13238 | D:10     | Reached ** piety under Sif Muna
 13322 | D:10     | Learned a level 2 spell: Ensorcelled Hibernation
 13326 | D:10     | Learned a level 3 spell: Ozocubu's Armour
 13339 | Orc:1    | Noticed an orc knight
 13340 | Orc:1    | Noticed Snorg
 13340 | Orc:1    | Noticed an orc sorcerer
 13546 | D:10     | Bought an uncursed amulet of the gourmand for 360 gold
                  | pieces
 13588 | D:11     | Noticed a manticore
 13870 | D:10     | Reached skill level 10 in Spellcasting
 13969 | D:11     | Noticed a cyclops
 13977 | D:10     | Killed a manticore
 13977 | D:10     | Reached XP level 12. HP: 56/74 MP: 10/26
 14051 | Lair:1   | Entered Level 1 of the Lair of Beasts
 14482 | Lair:1   | Reached skill level 5 in Invocations
 14987 | Lair:1   | Reached *** piety under Sif Muna
 15688 | Lair:2   | Learned a level 4 spell: Force Lance
 15735 | Lair:2   | Found a hole to the Spider Nest.
 15808 | Lair:2   | Noticed an ice dragon
 15890 | Lair:3   | Noticed a six-headed hydra
 15901 | Lair:3   | Killed a six-headed hydra
 15903 | Lair:3   | Reached skill level 5 in Air Magic
 16086 | Lair:3   | Found a frozen archway.
 16104 | IceCv    | Entered an ice cave
 16990 | Lair:3   | Reached XP level 13. HP: 26/79 MP: 1/28
 17450 | Lair:3   | Got an encrusted flail
 17494 | Lair:2   | Reached **** piety under Sif Muna
 17599 | D:10     | Bought a scroll of identify for 32 gold pieces
 17605 | D:10     | Identified the cursed +3 flail of Triumph {venom, *Contam
                  | Int+4 SInv Stlth+} (You found it on level 3 of the Lair of
                  | Beasts)
 17729 | Lair:2   | Reached skill level 1 in Fire Magic
 17877 | Lair:2   | Reached skill level 1 in Hexes
 18328 | Lair:2   | Killed an ice dragon
 18813 | Lair:3   | Found a runed translucent door.
 18819 | Lair:3   | Noticed zuik's ghost (journeyman MiBe)
 19555 | Lair:4   | Found a staircase to the Swamp.
 19569 | Lair:4   | Found a stormy altar of Qazlal.
 21253 | Lair:5   | Reached ***** piety under Sif Muna
 21663 | Lair:5   | Received a gift from Sif Muna
 21752 | Lair:5   | Learned a level 7 spell: Orb of Destruction
 22025 | Lair:6   | Entered Level 6 of the Lair of Beasts
 22052 | Lair:6   | Noticed a dire elephant
 22137 | Lair:6   | Reached XP level 14. HP: 46/85 MP: 0/30
 22858 | Lair:6   | Killed a dire elephant
 23356 | Lair:6   | Noticed Sonja
 23360 | Lair:6   | Killed Sonja
 23370 | Lair:6   | Reached skill level 5 in Fire Magic
 23589 | Lair:6   | Reached skill level 5 in Hexes
 23721 | Lair:6   | Noticed Urug
 23730 | Lair:6   | Killed Urug
 23788 | Lair:6   | Found a runed translucent door.
 24015 | Lair:6   | Identified Sif Muna's Grimoire of Attacks (Sif Muna gifted
                  | it to you on level 6 of the Lair of Beasts)
 24015 | Lair:6   | Received a gift from Sif Muna
 24222 | Lair:6   | Found a viscous altar of Jiyva.
 24289 | Lair:6   | Noticed an azure jelly
 24290 | Lair:6   | Found a staircase to the Slime Pits.
 24290 | Lair:6   | Noticed an azure jelly
 24381 | Lair:6   | Killed an azure jelly
 24399 | Lair:6   | Killed an azure jelly
 24960 | Lair:6   | Found a burning altar of Makhleb.
 25368 | Lair:6   | Found a gateway to Hell.
 25955 | D:10     | Killed Snorg
 26362 | Orc:2    | Entered Level 2 of the Orcish Mines
 26462 | Orc:2    | Noticed Erolcha
 26478 | Orc:2    | Killed Erolcha
 26811 | Orc:2    | Reached XP level 15. HP: 90/90 MP: 26/32
 27627 | Orc:2    | Paralysed by an ogre mage for 4 turns
 27684 | Orc:2    | Identified Sif Muna's Almanac of Cloudy Attacks (Sif Muna
                  | gifted it to you on level 2 of the Orcish Mines)
 27684 | Orc:2    | Received a gift from Sif Muna
 28245 | Orc:2    | Found Vooheod's Armour Emporium.
 28267 | Orc:2    | Found Soodot's General Store.
 28274 | Orc:2    | Found Xonuwnen's Distillery.
 28283 | Orc:2    | Found Vuicwuar's Book Shoppe.
 28287 | Orc:2    | Bought a potion of heal wounds for 80 gold pieces
 28287 | Orc:2    | Bought a potion of curing for 48 gold pieces
 28529 | Orc:2    | Found a staircase to the Elven Halls.
 28667 | Orc:2    | Bought a +2 buckler of fire resistance for 279 gold pieces
 28761 | D:10     | Bought a scroll of acquirement for 832 gold pieces
 28762 | D:10     | Found the +18 shield of the Gong {rElec rN+ MR+ EV-5}
 29892 | D:12     | Found a flickering gateway to a bazaar.
 29897 | Bazaar   | Entered a bazaar
 29911 | Bazaar   | Found Kocisull's Armour Emporium.
 29934 | Bazaar   | Found Baoto's Book Emporium.
 29950 | Bazaar   | Found Jaivile's Weapon Shoppe.
 29950 | Bazaar   | Found Dow Its's Antique Weapon Emporium.
 29954 | Bazaar   | Bought an encrusted trident for 195 gold pieces
 29954 | Bazaar   | Bought a crystal broad axe for 207 gold pieces
 30547 | D:12     | Identified the cursed +1 broad axe "Wosche Caal" {drain,
                  | Int+4} (You bought it in a shop in a bazaar)
 30548 | D:12     | Identified the +6 trident of Evolution {freeze, *Slow rF-
                  | rN+++ MR++} (You bought it in a shop in a bazaar)
 30903 | D:13     | Found a transporter.
 30930 | D:13     | Found a transporter.
 31001 | D:13     | Found a runed translucent door.
 31002 | D:13     | Found the +2 shield of Resistance {rF+ rC+ MR+}
 31002 | D:13     | Found a runed translucent door.
 31544 | D:13     | Found a burning altar of Makhleb.
 32333 | D:13     | Reached skill level 5 in Shields
 32788 | D:13     | Reached skill level 5 in Fighting
 33496 | D:14     | Reached XP level 16. HP: 78/97 MP: 6/34
 34569 | D:14     | Found a gate to the Vaults.
 34886 | D:14     | Reached skill level 10 in Invocations
 34994 | D:15     | Entered Level 15 of the Dungeon
 34998 | D:15     | Noticed Rupert
 36117 | D:15     | Killed Rupert
 37212 | D:15     | Reached skill level 15 in Spellcasting
 37504 | D:15     | Found a staircase to the Depths.
 37760 | Depths:1 | Entered Level 1 of the Depths
 38098 | Elf:1    | Entered Level 1 of the Elven Halls
 38104 | Elf:1    | Reached skill level 15 in Conjurations
 39312 | Elf:1    | Reached XP level 17. HP: 102/102 MP: 21/36
 39655 | Elf:1    | Shot with an arrow by a deep elf archer

Skill      XL: |  1  2  3  4  5  6  7  8  9 10 11 12 13 14 15 16 17 |
---------------+----------------------------------------------------+-----
Conjurations   | 2 3 4 6 8 10 11 12 13 14 15 | 15.0
Shields        | 1 2 3 4 5 6 |  6.8
Fighting       | 1 2 3 4 5 6 |  6.0
Spellcasting   | 4 5 6 7 8 10 11 12 13 14 15 | 15.0
Stealth        | 4 5 6 8 |  8.0
Dodging        | 3 4 |  4.0
Invocations    | 4 6 8 9 12 13 | 13.0
Air Magic      | 3 6 |  6.3
Summonings     | 2 4 |  4.5
Fire Magic     | 4 6 7 |  7.0
Hexes          | 4 6 7 |  7.5
Translocations | |  1.0

Action                   |  1- 3 |  4- 6 |  7- 9 | 10-12 | 13-15 | 16-18 || total
-------------------------+-------+-------+-------+-------+-------+-------++-------
Melee: Unarmed           |    32 |       |       |       |       |       ||    32
       Tentacles         |     5 |    11 |    16 |    69 |    64 |    19 ||   184
       Constrict         |     9 |    16 |    37 |    53 |    67 |    17 ||   199
       Short sword       |    10 |    40 |       |       |       |       ||    50
       Dagger            |       |    37 |   134 |   362 |     3 |       ||   536
       Rapier            |       |     3 |    13 |     1 |       |       ||    17
       Flail             |       |       |       |       |   364 |    81 ||   445
 Fire: Shortbow          |       |       |       |    11 |       |       ||    11
 Cast: Magic Dart        |    59 |    22 |   116 |   190 |    26 |       ||   413
       Mephitic Cloud    |       |     8 |    36 |    98 |    47 |    12 ||   201
       Blink             |       |       |     9 |    23 |    20 |       ||    52
       Conjure Flame     |       |       |     8 |    19 |     2 |     2 ||    31
       Fireball          |       |       |       |    64 |   139 |    73 ||   276
       Inner Flame       |       |       |       |     9 |     6 |     1 ||    16
       Confuse           |       |       |       |     6 |       |       ||     6
       Ensorcelled Hiber |       |       |       |     4 |       |       ||     4
       Summon Lightning  |       |       |       |     1 |     8 |     1 ||    10
       Ozocubu's Armour  |       |       |       |     1 |     7 |       ||     8
       Force Lance       |       |       |       |    24 |   174 |    72 ||   270
       Orb of Destructio |       |       |       |       |    60 |    46 ||   106
Invok: Channel Magic     |       |       |       |     6 |     6 |     5 ||    17
       Divine Energy     |       |       |       |     2 |     1 |       ||     3
       Stop Divine Energ |       |       |       |     1 |     2 |       ||     3
  Use: Potion            |       |     7 |     1 |     1 |       |       ||     9
       Scroll            |       |     2 |     5 |     9 |    16 |     4 ||    36
 Stab: Sleeping          |     3 |     4 |       |       |    10 |     2 ||    19
       Confused          |       |     4 |     8 |    18 |    15 |     1 ||    46
  Eat: Chunk             |     2 |     7 |     7 |    40 |    78 |    30 ||   164
       Ration            |       |       |     2 |     1 |     2 |     1 ||     6
Armor: Skin              |     3 |    28 |     3 |     4 |     4 |     5 ||    47
Dodge: Dodged            |    45 |    43 |    99 |   269 |   402 |   136 ||   994
Block: Buckler           |       |     8 |    45 |   111 |   155 |    58 ||   377
       Shield            |       |       |       |       |    16 |       ||    16
